 Dungeon Crawl Stone Soup version 0.26.1-2-gb8aa6d0 (webtiles) character file.

Game seed: 8952754359390927987

1816 Geeful the Covert (level 9, 0/61 HPs)
             Began as an Octopode Delver on Mar 13, 2021.
             Was an Elder of Vehumet.
             Slain by an orc warrior
             ... wielding a +0 short sword
              (14 damage)
             ... on level 6 of the Dungeon.
             The game lasted 00:19:15 (7077 turns).

Geeful the Covert (Octopode Delver)                 Turns: 7077, Time: 00:19:16

Health: 0/61       AC:  1    Str: 11    XL:     9   Next: 10%
Magic:  6/14       EV: 15    Int: 16    God:    Vehumet [****..]
Gold:   370        SH:  5    Dex: 13    Spells: 5/15 levels left

rFire    . . .     SeeInvis .   r - +2 short sword (speed)
rCold    . . .     Faith    .   (no shield)
rNeg     . . .     Spirit   .   (helmet restricted)
rPois    .         Reflect  +   a - amulet of reflection
rElec    .         Harm     .   (no ring)
rCorr    .         Rampage  .   (no ring)
Will     .....                  (no ring)
Stlth    +++++.....             (no ring)
HPRegen  0.20/turn              (no ring)
MPRegen  0.14/turn              (no ring)
                                (no ring)
                                (no ring)

@: no status effects
A: almost no armour, stealthy swim, amphibious, 8 rings, constrict 8, camouflage
1, gelatinous body 1
a: Renounce Religion


You were on level 6 of the Dungeon.
You worshipped Vehumet.
Vehumet was greatly pleased with you.
You visited 2 branches of the dungeon, and saw 7 of its levels.

You collected 370 gold pieces.

Inventory:

Hand Weapons
 j - a +2 whip of venom
 r - a +2 short sword of speed (weapon)
Missiles
 l - 29 poisoned darts (quivered)
Jewellery
 a - an amulet of reflection (around mantle)
Wands
 f - a wand of digging (3)
 h - a wand of flame (28)
Scrolls
 b - 3 scrolls of fog
 c - 3 scrolls of magic mapping
 d - a scroll of fear
 i - 4 scrolls of remove curse
 p - 5 scrolls of teleportation
 s - a scroll of enchant armour
Potions
 e - 2 potions of haste
 g - a potion of resistance
 k - a potion of attraction {unknown}
 m - a potion of heal wounds {unknown}
 n - a potion of lignification
 o - 2 potions of flight


   Skills:
 + Level 5.5 Fighting
 - Level 2.2 Short Blades
 + Level 5.0 Dodging
 + Level 9.5 Stealth
 + Level 3.9 Spellcasting
 + Level 4.3 Conjurations
 + Level 4.2 Air Magic


You had 5 spell levels left.
You knew the following spells:

 Your Spells              Type           Power        Failure   Level
a - Shock                 Conj/Air       64%          1%          1
b - Swiftness             Air            16%          4%          2
c - Static Discharge      Conj/Air       16%          2%          3
d - Airstrike             Air            8%           9%          4

Your spell library contained the following spells:

 Spells                   Type           Power        Failure   Level
 Hailstorm                Conj/Ice       10%          17%         4
 Lightning Bolt           Conj/Air       8%           21%         5


Dungeon Overview and Level Annotations

Branches:
Dungeon (6/15)             Temple (1/1) D:6

Altars:
Ashenzari
Cheibriados
Dithmenos
Gozag
Hepliaklqana
Makhleb
Ru
Trog
Uskayaw
Vehumet
Wu Jian
Xom
Zin
The Shining One

Shops:
D:5 [

Annotations:
D:4 1 runed translucent door, Skilfsilihog's ghost, amateur DrFE


Innate Abilities, Weirdness & Mutations

You cannot wear most types of armour.
You are very stealthy in the water. (Stealth+)
You are amphibious.
You can wear up to eight rings at the same time.
You can use your tentacles to constrict eight enemies at once.
Your skin changes colour to match your surroundings (Stealth+).
Your rubbery body absorbs attacks. (AC +1, EV +1)


Message History

You are struck by an arc of lightning.
The lightning grounds out.
The orc warrior closely misses you.
Casting: Static Discharge (dangerous; 2% risk of failure)
Confirm with . or Enter, or press ? or * to list all spells.
The orc warrior is struck by an arc of lightning!
The orc warrior is heavily wounded.
The lightning grounds out.
The orc warrior hits you with a +0 short sword!
Casting: Static Discharge (dangerous; 2% risk of failure)
Confirm with . or Enter, or press ? or * to list all spells.
The orc warrior is struck by an arc of lightning.
The orc warrior is severely wounded.
You are struck by an arc of lightning.
The lightning grounds out.
The orc warrior hits you with a +0 short sword.
The orc wizard points at you and mumbles some strange words.
The puff of flame hits you!
* * * LOW HITPOINT WARNING * * *
You block the orc wizard's attack.
The orc warrior hits you with a +0 short sword!
You die...

### .... .... .... .. #
# ###.. # #######.... #
#######.......# #
##...#..@o...?.# ###
##........o..)..# ..##
#...............# #..##
#.>.............# ##..##
#...............#
..#..####..............#
#.##....##.............#
#...###..##......#######
###..###....##...#


You could see an orc warrior and an orc wizard (fast).

Vanquished Creatures
  Grinder (D:3)
  Sigmund (D:2)
  A black bear (D:5)
  3 ogres
  A centaur (D:5)
  A water moccasin zombie (D:5)
  A bullfrog zombie (D:5)
  A jelly (D:5)
  5 hounds
  8 orc wizards
  2 orc priests
  A centaur skeleton (D:4)
  Natasha (twice) (D:2)
  Ijyb (D:3)
  An iguana (D:6)
  4 worker ants
  4 gnolls (D:4)
  A howler monkey skeleton (D:5)
  7 adders
  A shadow imp (D:6)
  A white imp (D:5)
  An adder skeleton (D:5)
  6 worms
  2 dart slugs
  5 leopard geckos
  19 orcs
  4 bats
  5 giant cockroaches
  5 goblins
  9 hobgoblins
  5 jackals (D:3)
  3 quokkas (D:5)
  4 ball pythons
  4 frilled lizards
  A jackal skeleton (D:5)
  11 kobolds
  8 rats
140 creatures vanquished.

Vanquished Creatures (others)
  3 ogres (D:4)
  A worker ant (D:4)
  An adder (D:4)
  A leopard gecko (D:4)
  A quokka (D:4)
7 creatures vanquished.

Grand Total: 147 creatures vanquished

Notes
Turn   | Place    | Note
-------+----------+-------------------------------------------
     0 | D:5      | Geeful the Octopode Delver began the quest for the Orb.
     0 | D:5      | Reached XP level 1. HP: 16/16 MP: 1/1
    22 | D:6      | Found a staircase to the Ecumenical Temple.
    34 | Temple   | Entered the Ecumenical Temple
    73 | Temple   | Became a worshipper of Vehumet
   101 | D:5      | Reached XP level 2. HP: 21/21 MP: 2/2
   108 | D:5      | Found a bloodstained altar of Trog.
   117 | D:4      | Killed an ogre
   124 | D:4      | Killed an ogre
   126 | D:4      | Killed an ogre
   245 | D:1      | Learned a level 1 spell: Shock
   450 | D:1      | Reached XP level 3. HP: 26/26 MP: 3/3
   589 | D:1      | Reached * piety under Vehumet
   589 | D:1      | Offered knowledge of Freeze by Vehumet.
   669 | D:1      | Reached skill level 7 in Stealth
  1372 | D:2      | Noticed Sigmund
  1381 | D:2      | Killed Sigmund
  1382 | D:2      | Reached skill level 1 in Spellcasting
  1382 | D:2      | Reached skill level 1 in Conjurations
  1382 | D:2      | Reached skill level 1 in Air Magic
  1382 | D:2      | Reached XP level 4. HP: 17/33 MP: 4/6
  1382 | D:2      | Reached XP level 5. HP: 19/37 MP: 4/7
  1658 | D:2      | Noticed Natasha
  1666 | D:2      | Killed Natasha
  1667 | D:2      | Reached XP level 6. HP: 43/43 MP: 8/8
  1787 | D:2      | Found a burning altar of Makhleb.
  1869 | D:2      | Noticed Natasha
  1879 | D:2      | Killed Natasha
  1969 | D:3      | Noticed Grinder
  1975 | D:3      | Paralysed by Grinder for 7 turns
  1983 | D:3      | HP: 2/43 [Grinder (4)]
  1989 | D:3      | Killed Grinder
  1990 | D:3      | Reached skill level 8 in Stealth
  1990 | D:3      | Reached XP level 7. HP: 13/48 MP: 10/10
  2213 | D:3      | Noticed Ijyb
  2225 | D:3      | Killed Ijyb
  2775 | D:3      | Offered knowledge of Searing Ray by Vehumet.
  2798 | D:3      | Reached ** piety under Vehumet
  3458 | D:3      | Offered knowledge of Mephitic Cloud by Vehumet.
  3608 | D:3      | Learned a level 2 spell: Swiftness
  3612 | D:3      | Learned a level 3 spell: Static Discharge
  3617 | D:3      | Learned a level 4 spell: Airstrike
  4230 | D:4      | Noticed Skilfsilihog's ghost (amateur DrFE)
  4242 | D:4      | Reached XP level 8. HP: 54/54 MP: 12/12
  4246 | D:4      | Found a runed translucent door.
  4288 | D:4      | Found a hide-covered altar of Uskayaw.
  4384 | D:4      | HP: 2/54 [poisoned by a gnoll]
  4394 | D:4      | Reached *** piety under Vehumet
  5070 | D:4      | Found a shimmering altar of Xom.
  5427 | D:5      | Found Uceipub's Antique Armour Shop.
  5554 | D:5      | Reached skill level 5 in Fighting
  5613 | D:5      | Found a sacrificial altar of Ru.
  5625 | D:5      | Offered knowledge of Hailstorm by Vehumet.
  5655 | D:5      | Reached skill level 9 in Stealth
  6579 | D:5      | Reached XP level 9. HP: 61/61 MP: 14/14
  6609 | D:5      | Reached skill level 5 in Dodging
  6985 | D:6      | Reached **** piety under Vehumet
  7077 | D:6      | Slain by an orc warrior

Illustrated notes

Levels and vault maps discovered:
D:1:      scummos_arrival_forest, layout_loops_cross
D:2:      layout_basic, makhleb_blood_cavern_becter, uniq_sigmund, uniq_natasha
D:3:      layout_loops_corners, lightli_sewer_entry_pipes, uniq_ijyb,
          uniq_grinder
D:4:      layout_loops_ring, nicolae_overflow_crystal_walls,
          hellmonk_ghost_happy_afterlife, xom_confusion_cloud
D:5:      black_bear_nest_1, layout_loops_corners, basic_altar, serial_shops,
          shop_coins, nicolae_ru_great_annihilating_truth
D:6:      layout_rooms, nicolae_overflow_hidden_temple,
          minmay_temple_entry_offerings, dk_yredelemnul_ordeal
Temple:   nicolae_temple_x_marks_the_god

Skill      XL: |  1  2  3  4  5  6  7  8  9 |
---------------+----------------------------+-----
Stealth        | 7 8 9 |  9.5
Dodging        | 3 4 5 |  5.0
Spellcasting   | 1 2 3 |  3.9
Conjurations   | 1 2 3 4 |  4.3
Air Magic      | 1 2 3 4 |  4.2
Fighting       | 4 5 |  5.5
Short Blades   | |  2.2

Action                   |  1- 3 |  4- 6 |  7- 9 || total
-------------------------+-------+-------+-------++-------
Melee: Short sword       |    53 |    22 |   229 ||   304
       Tentacles         |    14 |     6 |    38 ||    58
       Constrict         |    13 |     5 |    47 ||    65
Throw: Dart              |       |       |    30 ||    30
 Cast: Shock             |       |       |    30 ||    30
       Static Discharge  |       |       |     6 ||     6
       Swiftness         |       |       |     1 ||     1
Evoke: Wand              |       |       |     1 ||     1
  Use: Scroll            |     4 |     2 |     4 ||    10
       Potion            |     1 |     3 |     3 ||     7
 Stab: Sleeping          |    18 |     2 |    28 ||    48
Armor: Skin              |     5 |     2 |     7 ||    14
Dodge: Dodged            |    15 |    16 |   146 ||   177
Block: Other             |       |       |     1 ||     1
